[Event "Titled Tuesday Blitz April 11 Early 2023"]
[White "Steinberg, Nitzan"]
[Black "Hnydiuk, Aleksander"]
[WhiteFideId "2801795"]
[BlackFideId "1109057"]
[WhiteElo "2486"]
[BlackElo "2374"]
[Result "1-0"]
[Round "01"]
[TimeControl "180+2"]
[Date "2023.04.11"]
[WhiteClock "0:00:49"]
[BlackClock "0:00:02"]

1. d4 Nf6 2. Nf3 g6 3. Nbd2 c5 4. e3 Bg7 5. dxc5 Qa5 6. a3 Qxc5 7. b4 Qc7 8. Bb2 O-O 9. c4 b6 10. Be2 Bb7 11. O-O d6 12. Rc1 Nbd7 13. Qb3 Rac8 14. Rfd1 Qb8 15. h3 Rc7 16. Nd4 a6 17. Bf3 Rfc8 18. b5 Ne5 19. Bxb7 Qxb7 20. f4 Ned7 21. a4 Nc5 22. Qc2 a5 23. Nc6 Rxc6 24. bxc6 Qxc6 25. Ra1 Nfe4 26. Bxg7 Kxg7 27. Nf3 Na6 28. Nd4 Qb7 29. Qb2 Kg8 30. Rac1 Nb4 31. f5 Nc5 32. Qe2 Qe4 33. Rf1 Ncd3 34. Rc3 Nc5 35. Rf4 Qe5 36. h4 Nxa4 37. Rc1 Nc5 38. Rcf1 f6 39. Rg4 Kf7 40. Qf3 a4 41. Qh3 a3 42. fxg6+ hxg6 43. Rg5 Qe4 44. Qxc8 Qxe3+ 45. Kh1 Qxd4 46. Qh8 Ke6 47. Rxg6 a2 48. Re1+ Ne4 49. Qa8 1-0


[Site "https://www.chess.com"]

[Event "Titled Tuesday Blitz April 11 Early 2023"]
[White "Mortazavi, Ali"]
[Black "Indjic, Aleksandar"]
[WhiteFideId "401323"]
[BlackFideId "911925"]
[WhiteElo "2339"]
[BlackElo "2614"]
[Result "0-1"]
[Round "01"]
[TimeControl "180+2"]
[Date "2023.04.11"]
[WhiteClock "0:00:04"]
[BlackClock "0:00:11"]

1. Nf3 c5 2. e4 d6 3. g3 Nf6 4. d3 g6 5. Bg2 Bg7 6. O-O O-O 7. e5 dxe5 8. Nxe5 Nbd7 9. Nc4 Nb6 10. Nc3 Nbd5 11. Bd2 b6 12. a4 Bb7 13. Qe2 Re8 14. Ne4 Qc7 15. Rfe1 Rad8 16. Ng5 Rf8 17. Ne5 h6 18. Nexf7 Rxf7 19. Nxf7 Kxf7 20. c4 Nb4 21. Bxb7 Qxb7 22. Bxb4 cxb4 23. a5 Rd6 24. axb6 axb6 25. d4 Rxd4 26. Qe6+ Kf8 27. Rad1 Rxd1 28. Rxd1 Qc7 29. Ra1 Qd8 30. Qc6 Kf7 31. Ra8 Qd1+ 32. Kg2 Qd4 33. b3 Ne4 34. Qe8+ Kf6 35. Qc6+ e6 36. Ra2 Nc3 37. Qf3+ Ke5 38. Ra1 Qe4 39. Ra6 Bf8 40. Rxb6 Bc5 41. Rxe6+ Kxe6 42. Qxe4+ Nxe4 43. f3 Nd2 44. Kh3 Nxb3 45. Kg4 Na5 46. f4 b3 0-1


[Site "https://www.chess.com"]

[Event "Titled Tuesday Blitz April 11 Early 2023"]
[White "Demchenko, Anton"]
[Black "Berthier, Hugo"]
[WhiteFideId "4160258"]
[BlackFideId "655864"]
[WhiteElo "2545"]
[BlackElo "2193"]
[Result "1-0"]
[Round "01"]
[TimeControl "180+2"]
[Date "2023.04.11"]
[WhiteClock "0:00:52"]
[BlackClock "0:00:37"]

1. e4 e5 2. Nf3 Nc6 3. Bc4 Nf6 4. d3 Bc5 5. O-O d6 6. c3 a6 7. a4 Ba7 8. Re1 O-O 9. h3 h6 10. Nbd2 Re8 11. b4 Be6 12. Bxe6 Rxe6 13. Qc2 Ne7 14. Nf1 Ng6 15. Ng3 d5 16. c4 dxc4 17. dxc4 Nf4 18. Rd1 Qe8 19. c5 Rd8 20. Be3 Rxd1+ 21. Rxd1 c6 22. Nf5 Bb8 23. g3 Nxh3+ 24. Kg2 Ng5 25. Bxg5 hxg5 26. Nxg5 Bc7 27. Qc4 Re7 28. Nxe7+ Qxe7 29. a5 g6 30. Qb3 Kg7 31. Qf3 Nh5 32. Qxf7+ Qxf7 33. Nxf7 Nf6 34. Ng5 Kh6 35. Ne6 1-0


[Site "https://www.chess.com"]

[Event "Titled Tuesday Blitz April 11 Early 2023"]
[White "Goffredo_Fofi"]
[Black "Xiong, Jeffery"]
[BlackFideId "2047640"]
[WhiteElo "2517"]
[BlackElo "2726"]
[Result "0-1"]
[Round "01"]
[TimeControl "180+2"]
[Date "2023.04.11"]
[WhiteClock "0:00:23"]
[BlackClock "0:00:55"]

1. d4 d5 2. Nf3 e6 3. Bf4 Nf6 4. e3 c5 5. c3 Nbd7 6. Nbd2 Be7 7. Bd3 O-O 8. h3 c4 9. Bc2 b5 10. e4 dxe4 11. Nxe4 Bb7 12. Qe2 Nxe4 13. Bxe4 Bxe4 14. Qxe4 Nf6 15. Qc2 Nd5 16. Bg3 Qb6 17. O-O Rfc8 18. Ne5 b4 19. f4 Ne3 20. Qe4 Nxf1 21. Rxf1 bxc3 22. bxc3 Bd6 23. f5 Bxe5 24. Bxe5 f6 25. Bf4 e5 26. Be3 exd4 27. Bxd4 Qc6 28. Qg4 Re8 29. Rf3 Re7 30. h4 Rae8 31. h5 h6 32. Qg6 Rb8 33. Rg3 Kh8 34. Qg4 Qe4 35. Qg6 Rb1+ 36. Kh2 Qh4+ 37. Rh3 Qf4+ 38. Rg3 Qh4+ 39. Rh3 Qg5 40. Qxg5 hxg5 41. h6 Ree1 42. hxg7+ Kxg7 43. Kg3 a5 44. a3 Rf1 45. Kg4 Rf4+ 46. Kh5 Rxf5 47. Re3 Rh1+ 48. Kg4 Rf4+ 49. Kg3 Kf7 50. Re2 Rd1 51. Rb2 Rd3+ 52. Kh2 Rfxd4 53. cxd4 Rxa3 54. Rb5 c3 55. Rc5 Ke6 56. Kg3 f5 57. Kf2 Ra4 58. Rxc3 Rxd4 59. Ra3 a4 60. Ke3 Rb4 61. Ke2 Rb2+ 62. Kf1 Rb4 63. Kf2 Kd5 64. Ke2 Kc4 65. Kd2 Kb5 66. Kc2 Rg4 67. g3 f4 68. gxf4 gxf4 69. Rf3 Kb4 70. Kb2 Kc4 71. Ka3 Kd4 72. Kxa4 Ke4 73. Rf1 f3 74. Kb4 Ke3+ 75. Kc3 Ke2 76. Ra1 f2 77. Ra2+ Kf3 78. Ra1 Rg1 0-1


[Site "https://www.chess.com"]

[Event "Titled Tuesday Blitz April 11 Early 2023"]
[White "Grigoriants, Sergey"]
[Black "Miszler, Levente"]
[WhiteFideId "4130804"]
[BlackFideId "763276"]
[WhiteElo "2502"]
[BlackElo "2176"]
[Result "1-0"]
[Round "01"]
[TimeControl "180+2"]
[Date "2023.04.11"]
[WhiteClock "0:00:56"]
[BlackClock "0:00:39"]

1. d4 Nf6 2. c4 c5 3. d5 e6 4. Nc3 exd5 5. cxd5 d6 6. Nf3 g6 7. h3 Bg7 8. Bf4 a6 9. a4 O-O 10. e3 Ne8 11. Be2 Nd7 12. O-O Qe7 13. Rb1 f5 14. Qc2 Ne5 15. b4 cxb4 16. Rxb4 h6 17. Rc1 g5 18. Bh2 g4 19. hxg4 fxg4 20. Nxe5 dxe5 21. Rcb1 Nd6 22. Bxg4 e4 23. Bxd6 Qxd6 24. Nxe4 Qg6 25. Bxc8 Raxc8 26. Qd3 Be5 27. f4 Bd6 28. Rb6 Rce8 29. R1b4 Rf6 30. Nxf6+ Qxf6 31. Re4 1-0


[Site "https://www.chess.com"]

[Event "Titled Tuesday Blitz April 11 Early 2023"]
[White "Novikov, Evgenij"]
[Black "Terry, Renato"]
[WhiteFideId "4125380"]
[BlackFideId "3803457"]
[WhiteElo "2242"]
[BlackElo "2575"]
[Result "0-1"]
[Round "01"]
[TimeControl "180+2"]
[Date "2023.04.11"]
[WhiteClock "0:00:02"]
[BlackClock "0:00:46"]

1. d4 e6 2. Nf3 Nf6 3. c4 Bb4+ 4. Bd2 Qe7 5. a3 Bxd2+ 6. Nbxd2 d6 7. e4 e5 8. d5 a5 9. b4 O-O 10. Bd3 Na6 11. Rb1 axb4 12. axb4 c5 13. dxc6 bxc6 14. O-O Be6 15. Qc2 c5 16. b5 Nb4 17. Qc3 Nd7 18. Ra1 Nb6 19. Be2 Qb7 20. Rxa8 Rxa8 21. Ra1 Ra7 22. Ng5 Bd7 23. Nb3 Rxa1+ 24. Qxa1 h6 25. Nf3 Qxe4 26. Bf1 Qa8 27. Qd1 Qb8 28. Nfd2 Be6 29. Qc1 Qa8 30. g3 Qa2 31. Qd1 Bf5 32. Qa1 Qxa1 33. Nxa1 Kf8 34. Nab3 Ke7 35. h3 Bc2 36. Na5 f5 37. Be2 e4 38. Kf1 Ke6 39. Nb7 Ke5 40. Nd8 Kf6 41. Ke1 g5 42. h4 gxh4 43. gxh4 f4 44. Nc6 Nd3+ 45. Kf1 Ne5 46. Ke1 Ke6 47. Bh5 Nexc4 48. Nxc4 Nxc4 49. Be8 Nb6 50. Nb8 d5 51. Bc6 d4 52. Na6 Kd6 53. Bb7 e3 54. fxe3 fxe3 55. Ke2 Ba4 56. Bc6 Nc4 57. Nb8 Ne5 58. Be8 c4 59. Nc6 Nxc6 60. Bxc6 Kc5 0-1


[Site "https://www.chess.com"]

[Event "Titled Tuesday Blitz April 11 Early 2023"]
[White "Makarian, Rudik"]
[Black "Garv Gaur"]
[WhiteFideId "44105681"]
[BlackFideId "45030839"]
[WhiteElo "2430"]
[BlackElo "2068"]
[Result "1-0"]
[Round "01"]
[TimeControl "180+2"]
[Date "2023.04.11"]
[WhiteClock "0:00:12"]
[BlackClock "0:00:11"]

1. d4 Nf6 2. c4 e6 3. Nf3 b6 4. g3 Ba6 5. b3 Bb4+ 6. Bd2 Be7 7. Nc3 c6 8. e4 d5 9. cxd5 Bxf1 10. Kxf1 cxd5 11. e5 Ne4 12. Qe2 Nxd2+ 13. Qxd2 O-O 14. Kg2 Qd7 15. h4 Rc8 16. Rac1 Bb4 17. Qd3 h6 18. Ne2 Nc6 19. g4 Ba3 20. Rc3 Ne7 21. h5 Bb4 22. Rxc8+ Rxc8 23. Rc1 Rxc1 24. Nxc1 Qc7 25. Ne2 Qd7 26. Ng3 g6 27. Qe3 Kh7 28. g5 Nf5 29. Nxf5 gxf5 30. gxh6 Bf8 31. Ng5+ Kh8 32. h7 Qe7 33. Qg3 Bh6 34. Nxe6 Kxh7 35. Nf4 Bxf4 36. Qxf4 Qe6 37. Qg5 b5 38. Kg3 a5 39. Kf4 Qb6 40. Qxf5+ Kg8 41. Qg5+ Kf8 42. Ke3 Qc6 43. Qd8+ Kg7 44. Qf6+ Qxf6 45. exf6+ Kxf6 46. Kf4 a4 47. bxa4 bxa4 48. a3 Kg7 49. Ke5 Kh6 50. Kxd5 Kxh5 51. Ke5 Kg4 52. d5 Kf3 53. Kf6 Kxf2 54. d6 Ke3 55. d7 Kd3 56. d8=Q+ Kc3 57. Qd6 Kb3 58. Qb4+ 1-0


[Site "https://www.chess.com"]

[Event "Titled Tuesday Blitz April 11 Early 2023"]
[White "Sai Han Thiha"]
[Black "Kollars, Dmitrij"]
[WhiteFideId "13012290"]
[BlackFideId "12909572"]
[WhiteElo "1954"]
[BlackElo "2584"]
[Result "0-1"]
[Round "01"]
[TimeControl "180+2"]
[Date "2023.04.11"]
[WhiteClock "0:00:01"]
[BlackClock "0:00:36"]

1. d4 Nf6 2. c4 e6 3. Nf3 b6 4. g3 Ba6 5. b3 Bb4+ 6. Bd2 Be7 7. Nc3 d5 8. cxd5 exd5 9. Bg2 O-O 10. O-O Re8 11. Bf4 Nbd7 12. Ne5 Bb7 13. Rc1 Nf8 14. Bh3 c5 15. Ng4 Ne6 16. Be5 Nd7 17. Ne3 Nxe5 18. dxe5 d4 19. Nf5 dxc3 20. Rxc3 Qxd1 21. Rxd1 Bc6 22. f3 g6 23. Nd6 Bxd6 24. Rxd6 Bb5 25. e4 Rad8 26. Rc2 Nd4 27. Rf2 Kf8 28. f4 Ke7 29. Rxd8 Rxd8 30. f5 gxf5 31. exf5 f6 32. exf6+ Kxf6 33. g4 Ne2+ 34. Kg2 Bc6+ 35. Kf1 Nc3 36. g5+ Kxg5 37. Rc2 Rd3 38. Kf2 Rxh3 39. Kg1 Rd3 40. f6 Kxf6 41. Rf2+ Ke5 42. Rc2 Be4 43. Rb2 Kf4 44. Rf2+ Ke3 45. Rf1 Rd2 46. Re1+ Kd3 47. h4 h5 0-1


[Site "https://www.chess.com"]

[Event "Titled Tuesday Blitz April 11 Early 2023"]
[White "Gholami Orimi, Mahdi"]
[Black "Deng, Henry"]
[WhiteFideId "12558486"]
[BlackFideId "30965454"]
[WhiteElo "2363"]
[BlackElo "2508"]
[Result "0-1"]
[Round "01"]
[TimeControl "180+2"]
[Date "2023.04.11"]
[WhiteClock "0:00:11"]
[BlackClock "0:00:44"]

1. d4 d5 2. Nc3 Nf6 3. Bf4 c5 4. e3 cxd4 5. exd4 Bg4 6. f3 Bd7 7. Nb5 Bxb5 8. Bxb5+ Nc6 9. c3 e6 10. Ne2 Bd6 11. Qd2 Bxf4 12. Nxf4 O-O 13. O-O Qb6 14. Bxc6 Qxc6 15. Nd3 Nd7 16. Qe2 f6 17. f4 Rae8 18. Rae1 Qa6 19. a3 Qc4 20. Rf3 Rf7 21. Re3 Nf8 22. f5 e5 23. dxe5 fxe5 24. Nxe5 Qxe2 25. R3xe2 Rxf5 26. Nf3 Rxe2 27. Rxe2 Kf7 28. Kf2 Ne6 29. Ke3 Rf6 30. Nd4 Nc5 31. g3 Ke7 32. b4 Na4 33. Kd3+ Kd6 34. Nb5+ Kd7 35. Re3 a6 36. Nd4 Rf2 37. h4 Nb2# 0-1


[Site "https://www.chess.com"]

[Event "Titled Tuesday Blitz April 11 Early 2023"]
[White "Ginzburg, Yakov"]
[Black "Movahed, Sina"]
[WhiteFideId "4157176"]
[BlackFideId "42520835"]
[WhiteElo "2305"]
[BlackElo "2225"]
[Result "0-1"]
[Round "01"]
[TimeControl "180+2"]
[Date "2023.04.11"]
[WhiteClock "0:00:02"]
[BlackClock "0:00:49"]

1. e4 c5 2. Nf3 d6 3. c3 Nf6 4. Be2 g6 5. O-O Bg7 6. Re1 O-O 7. Bf1 Bg4 8. h3 Bxf3 9. Qxf3 Nc6 10. d3 b5 11. Bg5 b4 12. Nd2 Nd7 13. Rac1 Qa5 14. Nc4 Qxa2 15. Be2 Nce5 16. Nxe5 Nxe5 17. Qg3 Qxb2 18. Bxe7 Rfe8 19. Bxd6 bxc3 20. Bxc5 Nc6 21. Rb1 Qa2 22. Qe3 c2 23. Rb7 Rab8 24. Rxb8 Rxb8 25. Kh2 Rb1 26. Rc1 Rxc1 27. Qxc1 Bb2 28. Qh6 Bg7 29. Qg5 h6 30. Qd2 Qb2 31. Be3 Bc3 32. Qc1 Nd4 33. Bg4 Qxc1 34. Bxc1 Nb3 35. Bxh6 Bd2 0-1


[Site "https://www.chess.com"]

[Event "Titled Tuesday Blitz April 11 Early 2023"]
[White "Rakhmatullaev, Almas"]
[Black "Hajiyev, Kanan"]
[WhiteFideId "14205793"]
[BlackFideId "13404148"]
[WhiteElo "2221"]
[BlackElo "2103"]
[Result "1/2-1/2"]
[Round "01"]
[TimeControl "180+2"]
[Date "2023.04.11"]
[WhiteClock "0:00:11"]
[BlackClock "0:00:26"]

1. e4 c6 2. Nf3 d5 3. d3 a6 4. Nbd2 Bg4 5. h3 Bh5 6. g3 e6 7. Bg2 Nf6 8. O-O Be7 9. Qe2 O-O 10. Rd1 c5 11. c3 Nc6 12. Nf1 Qc7 13. Bf4 Qa5 14. g4 Bg6 15. Ng3 dxe4 16. dxe4 Rfd8 17. a3 Rxd1+ 18. Rxd1 Rd8 19. Re1 Qb5 20. h4 Qxe2 21. Rxe2 h5 22. g5 Nd7 23. Nd2 Nde5 24. Bxe5 Nxe5 25. f4 Nd3 26. f5 Bd6 27. Ndf1 Bh7 28. Bf3 Nf4 29. Rd2 c4 30. Kh1 b5 31. a4 Bc7 32. Rxd8+ Bxd8 33. axb5 axb5 34. Ne3 Nd3 35. Bxh5 Nxb2 36. g6 fxg6 37. fxg6 Bxh4 38. gxh7+ Kxh7 39. Ne2 Nd3 40. Bf3 Bf6 41. Nd4 b4 42. Nxc4 bxc3 43. Nc2 Nc5 44. e5 Bg5 45. Kg2 Nb3 46. Kf2 Nd2 47. Be2 Nxc4 48. Bxc4 Bf4 49. Bxe6 Bxe5 50. Ke3 Kh6 51. Ke4 Bf6 52. Kf5 Kh5 53. Bd5 Kh4 54. Kf4 g5+ 55. Kf5 Bh8 56. Ne3 Kg3 57. Kxg5 Kf2 58. Nc2 Ke2 59. Be4 Kd2 60. Kf4 Bg7 61. Kf3 Bh6 62. Kf2 Bg7 63. Kf3 Bh6 64. Nd4 Bg7 65. Nb3+ Ke1 66. Ke3 Bh6+ 67. Kd3 Bd2 68. Bf3 Kf2 69. Bh5 Kg3 70. Nd4 Kf4 71. Ne2+ Ke5 72. Bf3 Kf5 73. Kc2 Ke5 74. Bc6 Kd6 75. Bb5 Ke5 76. Bd3 Kd5 77. Kb3 Ke6 78. Kc4 Ke5 79. Kc5 Be1 80. Bc2 Bd2 81. Kc4 Be1 82. Nd4 Bd2 83. Kd3 Be1 84. Nf3+ Kf4 85. Nxe1 Ke5 86. Kxc3 Kd5 87. Nf3 Kc5 88. Be4 Kd6 89. Kd4 Ke6 90. Bd5+ Kd6 91. Ke4 Kc5 92. Ke5 Kb4 93. Kd4 Kb5 94. Ne5 Kb4 95. Bc4 Ka3 96. Kc3 Ka4 97. Nd7 Ka3 98. Nb8 Ka4 99. Na6 Ka3 100. Nb4 Ka4 101. Nc2 Ka5 102. Kb3 Kb6 103. Kb4 Kc6 104. Ne3 Kd6 105. Bd5 Ke5 106. Kc4 Kf4 107. Kd4 Kg5 108. Ke4 Kf6 109. Kf4 Ke7 110. Nf5+ Kd7 111. Ke5 Kc7 112. Nd4 Kb6 113. Kd6 Ka5 114. Kc5 Ka4 115. Nc2 Ka5 116. Bb3 Ka6 117. Nb4+ Ka5 118. Nc6+ Ka6 119. Bc4+ Kb7 120. Kd6 Kb6 121. Nd4 Ka5 122. Kc5 Ka4 123. Nc2 Ka5 124. Bb3 Ka6 125. Na3 Ka5 126. Nc4+ Ka6 127. Ba4 Kb7 128. Bc6+ Kc7 129. Ne5 Kc8 130. Kd6 Kd8 131. Nf7+ Kc8 132. Kc5 Kc7 133. Bb5 Kb7 134. Ne5 Kc7 135. Bd7 Kd8 136. Kd5 1/2-1/2


[Site "https://www.chess.com"]

[Event "Titled Tuesday Blitz April 11 Early 2023"]
[White "Turzo, Attila"]
[Black "Zhigalko, Sergei"]
[WhiteFideId "704954"]
[BlackFideId "13502956"]
[WhiteElo "2503"]
[BlackElo "2626"]
[Result "0-1"]
[Round "01"]
[TimeControl "180+2"]
[Date "2023.04.11"]
[WhiteClock "0:00:01"]
[BlackClock "0:00:05"]

1. e4 c5 2. Nc3 Nc6 3. f4 g6 4. Nf3 Bg7 5. Bc4 e6 6. O-O Nge7 7. d3 d5 8. Bb3 O-O 9. Kh1 Nd4 10. Nxd4 cxd4 11. Ne2 a5 12. a4 dxe4 13. dxe4 b6 14. Bc4 Bb7 15. Bd3 f5 16. Ng3 Qc7 17. Qe2 Kh8 18. Bd2 Rac8 19. Rae1 Nc6 20. b3 Nb4 21. Bxb4 axb4 22. exf5 exf5 23. Qf2 Rfe8 24. Rxe8+ Rxe8 25. Re1 Rc8 26. Kg1 Bd5 27. Nf1 Rd8 28. Nd2 Bh6 29. g3 Ba8 30. Nf3 Qc6 31. Kg2 Bg7 32. Re2 h6 33. h4 Qd5 34. Re7 Bf6 35. Re2 g5 36. hxg5 hxg5 37. fxg5 Bxg5 38. Re1 Kg7 39. Qe2 Re8 40. Qxe8 Qxf3+ 0-1


[Site "https://www.chess.com"]

[Event "Titled Tuesday Blitz April 11 Early 2023"]
[White "Corrales Jimenez, Fidel"]
[Black "Rodchenkov, Sergey D."]
[WhiteFideId "3506690"]
[BlackFideId "4168712"]
[WhiteElo "2541"]
[BlackElo "2277"]
[Result "1-0"]
[Round "01"]
[TimeControl "180+2"]
[Date "2023.04.11"]
[WhiteClock "0:01:44"]
[BlackClock "0:00:10"]

1. d4 d5 2. c4 dxc4 3. e3 Nf6 4. Nf3 e6 5. Bxc4 a6 6. O-O c5 7. Qe2 b5 8. Bd3 Nbd7 9. Rd1 Bb7 10. a4 b4 11. dxc5 Bxc5 12. Nbd2 Qc7 13. b3 O-O 14. Bb2 Nd5 15. Rac1 Qd8 16. Ne5 Bd6 17. Nxd7 Qxd7 18. Ne4 Be7 19. Qh5 g6 20. Qh6 f6 21. Bc4 Rf7 22. h4 Bf8 23. Nxf6+ Rxf6 24. Qg5 Rf7 25. e4 Rd8 26. exd5 exd5 27. Bd3 Bg7 28. Bxg7 Kxg7 29. h5 Qe6 30. h6+ Kg8 31. Qxd8+ Rf8 32. Qc7 Rf7 33. Qb8+ Rf8 34. Qxb7 1-0


[Site "https://www.chess.com"]

[Event "Titled Tuesday Blitz April 11 Early 2023"]
[White "Mammadzada, Gunay"]
[Black "Samadov, Read"]
[WhiteFideId "13403729"]
[BlackFideId "13417444"]
[WhiteElo "2396"]
[BlackElo "2355"]
[Result "0-1"]
[Round "01"]
[TimeControl "180+2"]
[Date "2023.04.11"]
[WhiteClock "0:00:03"]
[BlackClock "0:00:38"]

1. e4 c5 2. Nf3 d6 3. d4 cxd4 4. Nxd4 Nf6 5. Nc3 a6 6. Be3 e5 7. Nb3 Be6 8. Qd2 Nbd7 9. O-O-O Be7 10. h3 b5 11. g4 h6 12. Kb1 Rc8 13. f4 exf4 14. Bxf4 Ne5 15. a3 O-O 16. Nd4 Qb6 17. Nf5 Bxf5 18. gxf5 Kh7 19. Bd3 b4 20. axb4 Qxb4 21. Rhg1 Nf3 22. Qg2 Nxg1 23. Rxg1 Rg8 24. Bd2 Qb6 25. Qg3 Nh5 26. Qg2 Bf6 27. Nd1 Be5 28. c3 a5 29. Bc1 a4 30. Rf1 a3 31. Qf3 Nf6 32. Bc2 axb2 33. Bxb2 Rb8 0-1


[Site "https://www.chess.com"]

[Event "Titled Tuesday Blitz April 11 Early 2023"]
[White "Bacrot, Etienne"]
[Black "Karas, Marek"]
[WhiteFideId "605506"]
[BlackFideId "14928558"]
[WhiteElo "2663"]
[BlackElo "2233"]
[Result "1/2-1/2"]
[Round "01"]
[TimeControl "180+2"]
[Date "2023.04.11"]
[WhiteClock "0:00:04"]
[BlackClock "0:00:14"]

1. e4 e6 2. Nf3 d5 3. exd5 exd5 4. d4 Nf6 5. Bd3 c5 6. c3 c4 7. Bc2 Bd6 8. O-O O-O 9. h3 Nc6 10. Re1 h6 11. Nbd2 Re8 12. Nf1 Rxe1 13. Qxe1 Qe7 14. Bd2 Qxe1 15. Rxe1 Be6 16. Ng3 b5 17. Nf5 Bf8 18. Ne5 Rc8 19. a4 a6 20. f3 b4 21. Nxc6 Rxc6 22. cxb4 Rb6 23. Ne3 Bxb4 24. Bc3 Bxc3 25. bxc3 a5 26. Kf2 Rb2 27. Ke2 Bd7 28. Ra1 Bf5 29. Kd2 Bxc2 30. Nxc2 Nh5 31. Re1 Kf8 32. Re5 Nf6 33. g4 g5 34. Kc1 Rb3 35. Re3 Nd7 36. Na1 Rb6 37. Nc2 Re6 38. Kb2 Nb6 39. Ka3 Ke7 40. Re1 Rxe1 41. Nxe1 f5 42. Ng2 f4 43. h4 Kf6 44. h5 Ke6 45. Ne1 Kf6 46. Nc2 Nc8 47. Kb2 Ne7 48. Kc1 Ke6 49. Na3 Nc8 50. Nb5 Kd7 51. Kb2 Nd6 52. Na3 Kc6 53. Nc2 Nc8 54. Ne1 Nb6 55. Ka3 Nc8 56. Nc2 Nd6 57. Kb2 Nb7 58. Ne1 Nd6 59. Ka3 Kd7 60. Kb2 Kc6 61. Ka3 Kd7 62. Kb2 Kc6 1/2-1/2


[Site "https://www.chess.com"]

[Event "Titled Tuesday Blitz April 11 Early 2023"]
[White "Lorenzo De La Riva, Lazaro"]
[Black "Eljanov, Pavel"]
[WhiteFideId "2268809"]
[BlackFideId "14102951"]
[WhiteElo "2294"]
[BlackElo "2598"]
[Result "0-1"]
[Round "01"]
[TimeControl "180+2"]
[Date "2023.04.11"]
[WhiteClock "0:00:08"]
[BlackClock "0:01:03"]

1. e4 c6 2. d4 d5 3. Nc3 dxe4 4. Bc4 Nf6 5. f3 e3 6. Bxe3 Nbd7 7. Qe2 Nb6 8. Bb3 a5 9. a3 Nbd5 10. Nxd5 Nxd5 11. Bd2 a4 12. Ba2 b5 13. h4 e6 14. f4 Bd6 15. g3 O-O 16. Nf3 Bb7 17. c3 c5 18. O-O-O b4 19. dxc5 bxc3 20. bxc3 Bxc5 21. c4 Bxa3+ 22. Kc2 Rc8 23. h5 Qf6 24. Ne5 Rfd8 25. Kb1 Ba6 26. h6 Rb8+ 27. Kc2 Rb2+ 28. Kd3 Nxf4+ 0-1


[Site "https://www.chess.com"]

[Event "Titled Tuesday Blitz April 11 Early 2023"]
[White "Mitrabha, Guha"]
[Black "Namitbir Singh Walia"]
[WhiteFideId "5057000"]
[BlackFideId "35071068"]
[WhiteElo "2507"]
[BlackElo "2239"]
[Result "1-0"]
[Round "01"]
[TimeControl "180+2"]
[Date "2023.04.11"]
[WhiteClock "0:01:31"]
[BlackClock "0:00:02"]

1. Nf3 Nf6 2. d4 g6 3. g3 Bg7 4. Bg2 O-O 5. O-O d5 6. c4 c6 7. cxd5 cxd5 8. Nc3 Ne4 9. Qb3 Nxc3 10. bxc3 Nc6 11. Nd2 e6 12. e4 Na5 13. Qd1 b6 14. Re1 Bb7 15. e5 Rc8 16. Re3 Ba6 17. Nf3 Nc4 18. Re1 b5 19. h4 Qa5 20. h5 Qxc3 21. Rb1 Qa5 22. h6 Bh8 23. Bg5 Na3 24. Rb3 Nc2 25. Rf1 Qxa2 26. Rb1 b4 27. Nh2 Bxf1 28. Bxf1 Nxd4 29. Ng4 Nf5 30. Rxb4 Rb8 31. Qe1 a5 32. Rxb8 Rxb8 33. Qc3 d4 34. Qc7 Rf8 35. Bf6 Bxf6 36. Nxf6+ Kh8 37. Qc5 Rb8 38. Qa7 Rf8 39. g4 Nxh6 40. Qxd4 1-0


[Site "https://www.chess.com"]

[Event "Titled Tuesday Blitz April 11 Early 2023"]
[White "Leenhouts, Koen"]
[Black "Anton Guijarro, David"]
[WhiteFideId "1008439"]
[BlackFideId "2285525"]
[WhiteElo "2409"]
[BlackElo "2618"]
[Result "0-1"]
[Round "01"]
[TimeControl "180+2"]
[Date "2023.04.11"]
[WhiteClock "0:00:21"]
[BlackClock "0:00:29"]

1. d4 Nf6 2. c4 e6 3. g3 d5 4. Nf3 Bb4+ 5. Bd2 Be7 6. Bg2 O-O 7. O-O Nbd7 8. Qc2 c6 9. Bf4 a5 10. Nbd2 Nh5 11. Rad1 Nxf4 12. gxf4 a4 13. e3 a3 14. b3 Qa5 15. Kh1 g6 16. Rg1 b6 17. Bf1 Bb7 18. Bd3 dxc4 19. Nxc4 Qh5 20. Rg3 c5 21. Be4 Bxe4 22. Qxe4 Rad8 23. Rdg1 Bf6 24. Ng5 Bxg5 25. Rxg5 Qh6 26. dxc5 Nxc5 27. Qe5 Nd3 28. Qc7 Nxf2+ 29. Kg2 Nh3 0-1


[Site "https://www.chess.com"]

[Event "Titled Tuesday Blitz April 11 Early 2023"]
[White "Keymer, Vincent"]
[Black "Yurasova, Daria"]
[WhiteFideId "12940690"]
[BlackFideId "34146919"]
[WhiteElo "2651"]
[BlackElo "2134"]
[Result "1/2-1/2"]
[Round "01"]
[TimeControl "180+2"]
[Date "2023.04.11"]
[WhiteClock "0:00:01"]
[BlackClock "0:00:07"]

1. a3 b6 2. e4 Bb7 3. Nc3 c5 4. Nf3 e6 5. d4 cxd4 6. Nxd4 d6 7. Be2 Be7 8. O-O Nf6 9. Bb5+ Nfd7 10. Qg4 Bf6 11. Be3 O-O 12. Rad1 a6 13. Be2 Ne5 14. Qg3 Nbc6 15. f4 Ng6 16. Nxc6 Bxc6 17. e5 Be7 18. Qf2 Qb8 19. exd6 Bxd6 20. g3 Bc7 21. Rd2 Ne7 22. Bf3 Bxf3 23. Qxf3 Nf5 24. Bf2 b5 25. Ne4 Bb6 26. Rfd1 Bxf2+ 27. Qxf2 Qb7 28. Nc5 Qc6 29. g4 Ne7 30. Rd6 Qc8 31. Nd7 Re8 32. Nb6 Qb7 33. Nxa8 Qxa8 34. Qg2 Nd5 35. R6xd5 exd5 36. Qxd5 Qc8 37. Qd7 Qc5+ 38. Kf1 Rf8 39. Rd2 Qc4+ 40. Kg2 Qxf4 41. Qd4 Qc7 42. h3 h6 43. c3 Qc6+ 44. Qd5 Qf6 45. Rf2 Qg6 46. Qf5 Qc6+ 47. Qf3 Qc7 48. Re2 Rd8 49. Qe4 Qd6 50. a4 bxa4 51. Qxa4 Qd5+ 52. Qe4 Qd6 53. Qe3 Rb8 54. Qf3 a5 55. Rf2 Qd7 56. Qf5 Qb7+ 57. Kh2 Qc7+ 58. Kg2 a4 59. Qe4 a3 60. bxa3 Qxc3 61. Qd5 Qc7 62. a4 Rd8 63. Qf3 Qa7 64. a5 Rd6 65. Ra2 Rf6 66. Qc3 Qb7+ 67. Kg3 Qb8+ 68. Kg2 Qb7+ 69. Kg1 Qa7+ 70. Kg2 Qb7+ 1/2-1/2


[Site "https://www.chess.com"]

[Event "Titled Tuesday Blitz April 11 Early 2023"]
[White "Lopez, Henry"]
[Black "Drygalov, Andrey"]
[WhiteFideId "5203830"]
[BlackFideId "24171735"]
[WhiteElo "2177"]
[BlackElo "2466"]
[Result "0-1"]
[Round "01"]
[TimeControl "180+2"]
[Date "2023.04.11"]
[WhiteClock "0:00:50"]
[BlackClock "0:01:58"]

1. d4 Nf6 2. Nf3 d5 3. c4 e6 4. Nc3 c6 5. Bg5 h6 6. Bh4 dxc4 7. e4 g5 8. Bg3 b5 9. Be2 Bb7 10. h4 g4 11. Ne5 Nbd7 12. Qc2 h5 13. f3 gxf3 14. gxf3 Rg8 15. Bf4 Nxe5 16. Bxe5 Nd7 17. Bf4 e5 18. dxe5 Nc5 19. Rd1 Qc7 20. Qd2 Ne6 21. Be3 Rd8 22. Qc1 Rxd1+ 23. Qxd1 Qxe5 24. Kd2 Bc5 25. Bxc5 Qxc5 26. Kc1 Ke7 27. Kb1 Rd8 28. Qg1 Qxg1+ 29. Rxg1 Nf4 30. Rd1 Rxd1+ 31. Bxd1 Ng2 32. Kc1 Nxh4 33. f4 Ng2 34. Bxh5 Nxf4 35. Kd2 Nxh5 0-1


[Site "https://www.chess.com"]

[Event "Titled Tuesday Blitz April 11 Early 2023"]
[White "Pranesh M"]
[Black "Shubenkova, Veronika"]
[WhiteFideId "35028600"]
[BlackFideId "44124040"]
[WhiteElo "2437"]
[BlackElo "2027"]
[Result "1-0"]
[Round "01"]
[TimeControl "180+2"]
[Date "2023.04.11"]
[WhiteClock "0:01:14"]
[BlackClock "0:01:17"]

1. e4 e6 2. d4 d5 3. Nd2 Nf6 4. e5 Nfd7 5. Ngf3 c5 6. c3 Nc6 7. Bd3 Be7 8. O-O a6 9. a3 b5 10. b4 cxd4 11. cxd4 Qb6 12. Nb3 Qc7 13. Bf4 Nb6 14. Ne1 Bb7 15. Qg4 g6 16. Nf3 h5 17. Qg3 O-O-O 18. Ng5 Bxg5 19. Bxg5 Rdf8 20. Nc5 Nxd4 21. Rfc1 Nc4 22. a4 h4 23. Qf4 Nf5 24. axb5 axb5 25. Ra7 h3 26. Rxb7 Qc6 27. Ra1 Qxb7 28. Nxb7 Kxb7 29. Bxf5 gxf5 30. Qd4 Ra8 31. Rxa8 Rxa8 32. gxh3 Ra2 33. h4 Re2 34. Qc5 Nxe5 35. Qxb5+ 1-0


[Site "https://www.chess.com"]